General information
- name: DRAGON
- type: Custom game
- host: ayn-m00k
- saver: ayn-m00k
map: TerenasStand
- players: 2
- length: 17:42
- speed: Fast
- version: 1.23 W3XP
- replay type: Public
» download(116 KB)
Players
team 1 (winner)
ayn-m00k (
red | 160 APM | 2840 actions | 17:42)
5 Death Knight
3 Death Coil
2 Unholy Aura
3 Dreadlord
2 Carrion Swarm
1 Vampiric Aura
» actions
| Assign group hotkey | 101 | |
| Basic commands | 221 | |
| Build / train | 75 | |
| ESC pressed | 7 | |
| Enter build submenu | 23 | |
| Enter hero's abilities submenu | 8 | |
| Give item / drop item | 3 | |
| Remove unit from queue | 1 | |
| Right click | 960 | |
| Select / deselect | 556 | |
| Select group hotkey | 793 | |
| Use ability | 92 | |
2840 total
» units
| Acolyte | 9 | |
| Ghoul | 17 | |
| Banshee | 4 | |
| Crypt Fiend | 3 | |
| Necromancer | 3 | |
| Obsidian Statue | 2 | |
| Abomination | 4 | |
42 total
» upgrades
| Creature Attack | 1 | |
| Web | 1 | |
| Banshee Training | 3 | |
| Ghoul Frenzy | 1 | |
| Necromancer Training | 2 | |
| Unholy Strength | 2 | |
| Unholy Armor | 1 | |
| Burrow | 1 | |
| Skeletal Mastery | 1 | |
13 total
» buildings
| Crypt | 1 | |
| Altar of Darkness | 1 | |
| Ziggurat | 8 | |
| Tomb of Relics | 2 | |
| Graveyard | 1 | |
| Nerubian Tower | 2 | |
| Halls of the Dead | 1 | |
| Black Citadel | 1 | |
| Temple of the Damned | 1 | |
| Slaughterhouse | 2 | |
| Necropolis | 2 | |
| Spirit Tower | 1 | |
23 total
» build order
00:04 Crypt
00:09 Altar of Darkness
00:32 Ziggurat
00:35 Ziggurat
00:37 Ziggurat
00:59 Tomb of Relics
01:02 Graveyard
01:41 Ziggurat
02:00 Tomb of Relics
02:06 Nerubian Tower
02:45 Halls of the Dead
04:43 Ziggurat
05:11 Black Citadel
05:15 Temple of the Damned
08:51 Ziggurat
09:40 Slaughterhouse
10:00 Necropolis
10:02 Necropolis
12:02 Ziggurat
12:02 Ziggurat
12:57 Nerubian Tower
14:41 Slaughterhouse
16:23 Spirit Tower
» items
| Rod of Necromancy | 2 | |
| Orb of Corruption | 1 | |
| Scroll of Healing | 1 | |
4 total
team 2 (loser)
vitalblast (
blue | 84 APM | 1483 actions | 17:40)
5 Tauren Chieftain
2 War Stomp
3 Endurance Aura
» actions
| Assign group hotkey | 33 | |
| Basic commands | 138 | |
| Build / train | 73 | |
| Enter build submenu | 15 | |
| Enter hero's abilities submenu | 5 | |
| Right click | 578 | |
| Select / deselect | 203 | |
| Select group hotkey | 386 | |
| Use ability | 52 | |
1483 total
» units
| Peon | 6 | |
| Troll Headhunter/Berserker | 28 | |
| Grunt | 1 | |
| Goblin Shredder | 1 | |
| Shaman | 6 | |
| Spirit Walker | 3 | |
| Troll Witch Doctor | 1 | |
46 total
» upgrades
| Ranged Weapons | 3 | |
| Armor | 2 | |
| Berserker Upgrade | 1 | |
| Shaman Training | 2 | |
| Spirit Walker Training | 3 | |
| Witch Doctor Training | 2 | |
13 total
» buildings
| Altar of Storms | 1 | |
| Orc Burrow | 5 | |
| War Mill | 1 | |
| Barracks | 1 | |
| Voodoo Lounge | 1 | |
| Stronghold | 1 | |
| Fortress | 1 | |
| Spirit Lodge | 2 | |
| Watch Tower | 1 | |
| Great Hall | 1 | |
15 total
» build order
00:09 Altar of Storms
00:13 Orc Burrow
00:35 War Mill
01:08 Barracks
01:56 Orc Burrow
02:48 Voodoo Lounge
03:22 Stronghold
04:33 Orc Burrow
05:37 Orc Burrow
06:06 Fortress
07:13 Spirit Lodge
08:36 Spirit Lodge
09:11 Watch Tower
09:56 Orc Burrow
11:19 Great Hall
» items
| Circlet of Nobility | 1 | |
| Lesser Clarity Potion | 2 | |
| Healing Salve | 2 | |
| Scroll of Speed | 1 | |
6 total
Chat log
(00:15 / All) ayn-m00k: fast computer there, sonny
(00:22 / All) vitalblast: yeah i built it
(00:26 / All) ayn-m00k: !!!
(00:30 / All) ayn-m00k: holy shit nergasm
(00:30 / All) ayn-m00k: nice
(00:38 / All) vitalblast: lol
(01:03 / All) vitalblast: whos lagging
(01:05 / All) ayn-m00k: Beginning is so
(01:07 / All) ayn-m00k: boring..
(01:11 / All) ayn-m00k: you're lagginG?
(01:19 / All) vitalblast: host sucks
(01:22 / All) ayn-m00k: lol
(01:26 / All) ayn-m00k: Latency: vitalblast: 65±18 ms
(01:27 / All) ayn-m00k: you're fine
(01:34 / All) ayn-m00k: QQ more~
(01:38 / All) vitalblast: lol
(02:26 / All) vitalblast: remember all those days where i would lag on 56 k
(02:35 / All) ayn-m00k: Hehe
(02:35 / All) ayn-m00k: yeah
(04:11 / All) vitalblast: two cloak of shadows awsome
(04:16 / All) ayn-m00k: lol pro harass tool
(04:39 / All) ayn-m00k: 2x +3agil
(04:54 / All) ayn-m00k: +6 attack
(04:58 / All) ayn-m00k: Great UD drops...
(06:11 / All) ayn-m00k: way too long
(06:12 / All) ayn-m00k: since i played lol
(06:16 / All) vitalblast: lol
(06:35 / All) ayn-m00k: BM my ass
(06:39 / All) vitalblast: lol
(06:46 / All) ayn-m00k: fucking getting
(06:47 / All) ayn-m00k: fiends
(06:49 / All) ayn-m00k: banshees
(06:51 / All) ayn-m00k: waiting for wyverns
(06:54 / All) ayn-m00k: gayyy
(06:59 / All) vitalblast: lol you are good
(07:15 / All) ayn-m00k: if i was good
(07:16 / All) ayn-m00k: would've scouted
(13:32 / All) ayn-m00k: this map
(13:34 / All) ayn-m00k: has like no creeps
(13:35 / All) ayn-m00k: lol
(14:33 / All) vitalblast: alittle going away present
(14:36 / All) ayn-m00k: ?
(14:48 / All) ayn-m00k: my ghouls all died TT
(17:22 / All) vitalblast: yeah...
(17:24 / All) vitalblast: gg
(17:26 / All) ayn-m00k: gg man